 Dungeon Crawl Stone Soup version 0.31-a0-662-g684573625c (console) character file.

Game seed: 670851011782384413

3 petzl the Sneak (level 1, 0/18 HPs)
             Began as a Formicid Delver on Aug 31, 2023.
             Slain by a shadow imp (5 damage)
             ... on level 5 of the Dungeon.
             The game lasted 00:01:43 (275 turns).

petzl the Sneak (Formicid Delver)                    Turns: 275, Time: 00:01:44

Health: 0/18       AC:  3    Str: 16    XL:     1   Next: 55%
Magic:  2/2        EV: 12    Int:  9    God:
Gold:   36         SH:  0    Dex: 15    Spells: 2/2 levels left

rFire   . . .        a - +0 mace
rCold   . . .        (no shield)
rNeg    . . .        b - +0 leather armour
rPois   .            (helmet unavailable)
rElec   .            (no cloak)
rCorr   .            (no gloves)
SInv    +            (no boots)
Will    .....        (no amulet)
Stlth   +++          (no ring)
HPRegen 0.23/turn    (no ring)
MPRegen 0.08/turn

%: no passive effects
@: no status effects
A: permanent stasis, dig shafts and tunnels, antennae 3, four strong arms
a: Dig, Shaft Self


You were on level 5 of the Dungeon.
You visited 1 branch of the dungeon, and saw 2 of its levels.

You collected 36 gold pieces.

Inventory:

Hand Weapons
 a - a +0 mace (weapon)
Missiles
 h - 5 boomerangs
Armour
 b - a +0 leather armour (worn)
Wands
 f - a wand of digging (3)
Scrolls
 c - a scroll of fog
 d - a scroll of revelation
 e - a scroll of fear
 g - a scroll of identify {unknown}
 i - a scroll of teleportation {unknown}


   Skills:
 - Level 3.2 Fighting
 - Level 2.0 Maces & Flails
 - Level 1.7 Dodging
 - Level 6.0 Stealth
 + Level 1.0 Spellcasting


You had 2 spell levels left.
You didn't know any spells.
Your spell library was empty.

Dungeon Overview and Level Annotations

Branches:
Dungeon (6/15)
 Temple: D:4-7

Altars:
Fedhas
Kikubaaqudgha

Annotations:
D:5 exclusions: black bear, hound and ice beast


Innate Abilities, Weirdness & Mutations

You cannot be hasted, slowed, berserked, paralysed or teleported.
You can dig through walls and to a lower floor.
You have a pair of large antennae on your head. (SInv)
Your four strong arms can wield two-handed weapons with a shield.


Message History

You start resting.
Magic restored.
A black bear comes into view.
You see here a +0 hand axe {!f =f}.
Press: ? - help, . - travel You can't see that place. [the floor.] Placed new exclusion.
Unknown command.
A shadow imp comes into view.
The shadow imp shouts!
The shadow imp gestures at you. Pain shoots through your body!
Ouch! That really hurt!
The shadow imp gestures at you. Pain shoots through your body!
You hit the shadow imp but do no damage.
The shadow imp closely misses you.
You hit the shadow imp.
The shadow imp is lightly wounded.
The shadow imp hits you.
* * * LOW HITPOINT WARNING * * *
The shadow imp hits you but does no damage.
You barely miss the shadow imp.
The shadow imp is lightly wounded.
The shadow imp barely misses you.
You aren't carrying any potions.
Unknown command.
Unknown command.
Unknown command.
You closely miss the shadow imp.
The shadow imp is lightly wounded.
The shadow imp hits you but does no damage.
You sock the shadow imp!
The shadow imp is almost dead.
The shadow imp hits you but does no damage.
You hit the shadow imp but do no damage.
The shadow imp is almost dead.
The shadow imp closely misses you. The shadow imp hits you.
You die...

# #. #.### #Y..# #.#
#.# .#..... ... #.#
.......###..# #.#
............#
#.###### #..........#
#.#..... .........#
h.###'#.....
#.......#
..##........ #..5...#
#.##....#### #..@...#
#.##....# ##.....#
#.##....# #.....##
#.##....# #......#
#.##....####
#......###.##.......#
#.......##.##.......#
#######..#.###......#
####.#.###.######
#..........#
#..).....###
#....#.#...##
#....#.###..###
#....#.####...##
#######
#....#.........##
#.....#
...###.........+.
#.h.⌠.#
#...###.........#.
#.._..#
#...............##
.⌠.⌠. .............#
... #............#


You could see a shadow imp.

Vanquished Creatures
  A worm (D:5)
1 creature vanquished.

Notes
Turn   | Place    | Note
-------+----------+-------------------------------------------
     0 | D:5      | petzl the Formicid Delver began the quest for the Orb.
     0 | D:5      | Reached XP level 1. HP: 18/18 MP: 1/1
    31 | D:6      | Noticed a steam dragon
    42 | D:5      | Found a blossoming altar of Fedhas.
    43 | D:5      | Noticed a hound
   106 | D:5      | Found an ancient bone altar of Kikubaaqudgha.
   106 | D:5      | Noticed a hound
   201 | D:5      | Noticed an ice beast
   214 | D:5      | Reached skill level 1 in Spellcasting
   243 | D:5      | Noticed a black bear
   275 | D:5      | Slain by a shadow imp

Illustrated notes

Levels and vault maps discovered:
D:5:      layout_basic, kennysheep_little_box, fedhas_altar_3, kennysheep_potato
D:6:      minmay_spotlight, layout_rooms

Skill      XL: |  1 |
---------------+----+-----
Spellcasting   | 1 |  1.0
Fighting       | |  3.2
Maces & Flails | |  2.0
Dodging        | |  1.7
Stealth        | |  6.0

Action                     || total
---------------------------++-------
  Melee: Mace              ||    12
 Armour: Leather armour    ||     5
  Dodge: Dodged            ||     7

Table legend: (Time is in decaauts)
 A = Elapsed time spent in this place.
 B = Non-inter-level travel time spent in this place.
 C = Inter-level travel time spent in this place.
 D = Time resting spent in this place.
 E = Time spent auto-exploring this place.
 F = Levels seen in this place.
 G = Mean time per level.
                   A        B        C        D        E       F      G
               +--------+--------+--------+--------+--------+-----+--------+
         Total |    278 |    278 |      0 |     12 |     89 |   2 |  139.0 |
       Dungeon |    278 |    278 |      0 |     12 |     89 |   2 |  139.0 |
               +--------+--------+--------+--------+--------+-----+--------+

Top non-repeatable levels by time:
     D:5: 276 daAuts
     D:6: 1 daAuts
